 Dungeon Crawl Stone Soup version 0.31.0-11-ge490571c62 (webtiles) character file.

Game seed: 3543144433824756822

13132 hawla the Protected (level 11, -5/97 HPs)
             Began as a Minotaur Fighter on Feb 5, 2024.
             Was a Believer of Makhleb.
             Slain by Grum
             ... wielding a +1 spear
              (14 damage)
             ... on level 11 of the Dungeon.
             The game lasted 00:22:45 (10885 turns).

hawla the Protected (Minotaur Fighter)             Turns: 10885, Time: 00:22:45

Health: -5/97      AC: 13    Str: 24    XL:     11   Next: 71%
Magic:  17/17      EV: 13    Int:  7    God:    Makhleb [**....]
Gold:   820        SH: 10    Dex: 14    Spells: 10/10 levels left

rFire   + . .        a - +0 war axe (spect)
rCold   . . .        c - +0 buckler
rNeg    . . .        E - +0 scale mail {Will+}
rPois   .            e - +2 hat
rElec   .            (no cloak)
rCorr   .            p - +0 pair of gloves
SInv    +            j - +0 pair of boots of Past Mistakes {Int+3}
Will    +....        q - amulet of reflection Stlth
                     f - ring of protection from fire
HPRegen 0.36/turn    k - ring of see invisible
MPRegen 0.15/turn

%: reflection
@: hasted, studying Earth Magic, very quick
A: horns 2, retaliatory headbutt, agile 1
a: Renounce Religion, Minor Destruction


You were on level 11 of the Dungeon.
You worshipped Makhleb.
Makhleb was pleased with you.
You visited 2 branches of the dungeon, and saw 12 of its levels.

You collected 820 gold pieces.

Inventory:

Hand Weapons
 a - a +0 spectral war axe (weapon)
 i - a +0 battleaxe
 r - a -1 executioner's axe
Missiles
 g - 10 boomerangs (quivered)
 x - a throwing net
 y - 16 poisoned darts
Armour
 c - a +0 buckler (worn)
 e - a +2 hat (worn)
 j - the +0 pair of boots of Past Mistakes (worn) {Int+3}
   (You found it on level 2 of the Dungeon)

   Int+3:     It affects your intelligence (+3).
 p - a +0 pair of gloves (worn)
 E - a +0 scale mail of willpower (worn)
Jewellery
 f - a ring of protection from fire (left hand)
 k - a ring of see invisible (right hand)
 q - an amulet of reflection (around neck)
 t - a +4 ring of slaying
 u - a +5 ring of evasion
 v - a ring of flight
 A - a +5 ring of evasion
Wands
 s - a wand of charming (3)
 w - a wand of polymorph (15)
 B - a wand of flame (24)
 D - a wand of light (3)
Scrolls
 h - a scroll of teleportation {unknown}
 C - a scroll of fog
 H - a scroll of immolation
Potions
 d - 3 potions of might
 l - 3 potions of curing
 m - a potion of haste
 n - a potion of attraction
 o - a potion of brilliance
 z - a potion of degeneration {unknown}


   Skills:
 - Level 9.0 Fighting
 + Level 8.9 Axes
 - Level 6.0 Throwing
 - Level 10.0 Armour
 - Level 7.0 Dodging
 - Level 5.0 Shields
 - Level 10.0 Invocations
 - Level 4.0 Evocations


You had 10 spell levels left.
You didn't know any spells.
Your spell library was empty.

Dungeon Overview and Level Annotations

Branches:
Dungeon (11/15)            Temple (1/1) D:4            Lair (0/5) D:8
    Orc: D:9-12

Altars:
Ashenzari
Cheibriados
Dithmenos
Elyvilon
Fedhas
Gozag
Hepliaklqana
Kikubaaqudgha
Makhleb
Nemelex Xobeh
Okawaru
Qazlal
Ru
Sif Muna
Trog
Uskayaw
Vehumet
Wu Jian
Xom
Yredelemnul
Zin
The Shining One

Shops:
D:8 (   D:11 (

Annotations:
D:6 3 runed translucent doors, shadowrider38's ghost, amateur MiAE
D:11 Grum


Innate Abilities, Weirdness & Mutations

You have a pair of horns on your head.
You reflexively headbutt those who attack you in melee.
You are agile. (Dex +4, Str/Int -1)


Message History

Makhleb accepts your kill.
You feel better.
An orc comes into view. It is wielding a +0 dagger.
Unknown command.
You hit the skeletal warrior.
The skeletal warrior is lightly damaged.
You barely miss the orc.
Your +0 spectral war axe closely misses the skeletal warrior.
The orc shouts!
Your +0 spectral war axe hits the orc!
You kill the orc!
Makhleb accepts your kill.
You feel better.
The skeletal warrior hits you with a +0 war axe.
You block Grum's attack.
You barely miss the skeletal warrior.
The skeletal warrior is lightly damaged.
Your +0 spectral war axe barely misses the skeletal warrior.
The skeletal warrior hits you with a +0 war axe.
The skeletal warrior hits your +0 spectral war axe with a +0 war axe!
Your spectral weapon shares its damage with you!
Grum completely misses you.
You hit the skeletal warrior but do no damage.
The skeletal warrior is lightly damaged.
Your +0 spectral war axe hits the skeletal warrior.
A skeletal warrior comes into view. It is wielding a +0 trident.
The skeletal warrior hits you but does no damage.
Grum hits you from afar with a +1 spear!!
An orc warrior comes into view. It is wielding a +0 hand axe.
It was a potion of mutation.
You feel extremely strange.
You feel agile.
Your +0 spectral war axe disappears.
The skeletal warrior hits you but does no damage.
Grum hits you from afar with a +1 spear!
* * * LOW HITPOINT WARNING * * *
You feel yourself speed up.
The skeletal warrior hits you with a +0 war axe.
* * * LOW HITPOINT WARNING * * *
Grum hits you from afar with a +1 spear!
You die... #.....P.P.P.P.P.P.. #..##.....P.P.P.P.. #..###PPPPPPP.PPP..

#..# ######...###..
#..# #..## #..
#..########..# #..
#............# #..
######............#
#..
......)@..........#
#..
.$z.##†z.#######..#
#.. ..$ #og.# #..#
#.. ∩. #...# #..#
#.. . o...# #..#
#.. #....# #<.# #..
.....# #..# #..
###...# #..# #..
#..# #..


You could see 2 skeletal warriors, Grum, an orc warrior and an orc.

Vanquished Creatures
  Gastronok (D:8)
  Erolcha (D:11)
  A two-headed ogre (D:10)
  Jeremiah (D:6)
  Maggie (D:6)
  2 trolls
  A wraith (D:10)
  A vampire (D:11)
  3 wyverns (D:8)
  A basilisk (D:8)
  28 yaks
  A steam dragon (D:6)
  4 water moccasins
  4 orc warriors
  3 ice beasts
  3 sky beasts
  5 black bears
  3 wolves (D:11)
  5 centaurs
  2 phantoms
  Blork the orc (D:4)
  3 kobold brigands
  A gnoll sergeant (D:8)
  2 bullfrogs
  7 scorpions
  5 wights (D:8)
  4 killer bees (D:10)
  2 howler monkeys
  A bombardier beetle (D:4)
  5 orc priests
  2 hounds (D:5)
  4 jellies
  A sleepcap (D:7)
  3 iguanas
  11 orc wizards
  7 gnolls
  9 adders
  An ufetubus (D:5)
  2 dart slugs
  3 ribbon worms (D:2)
  39 orcs
  8 ball pythons
  12 endoplasms
  5 giant cockroaches
  6 hobgoblins
  8 jackals
  7 kobolds
  2 quokkas
  8 bats
  4 frilled lizards
  13 goblins
  4 rats
261 creatures vanquished.

Vanquished Creatures (collateral kills)
  A howler monkey (D:5)
1 creature vanquished.

Vanquished Creatures (others)
  5 spectral weapons
5 creatures vanquished.

Grand Total: 267 creatures vanquished

Notes
Turn   | Place    | Note
-------+----------+-------------------------------------------
     0 | D:1      | hawla the Minotaur Fighter began the quest for the Orb.
     0 | D:1      | Reached XP level 1. HP: 19/19 MP: 0/0
   171 | D:1      | Reached XP level 2. HP: 26/26 MP: 1/1
   401 | D:1      | Reached skill level 5 in Shields
   449 | D:1      | Reached XP level 3. HP: 21/31 MP: 2/2
   456 | D:1      | Reached skill level 1 in Dodging
   900 | D:2      | Found a sparkling altar of Nemelex Xobeh.
  1130 | D:2      | Identified the +0 pair of boots of Past Mistakes {Int+3}
  1901 | D:3      | Reached XP level 4. HP: 39/39 MP: 3/3
  2218 | D:3      | Found a faded altar of an unknown god.
  2637 | D:4      | Reached XP level 5. HP: 43/45 MP: 4/4
  2655 | D:4      | Found a staircase to the Ecumenical Temple.
  2683 | Temple   | Entered the Ecumenical Temple
  2723 | D:4      | Reached skill level 5 in Dodging
  2898 | D:4      | Noticed Blork the orc
  2915 | D:4      | Killed Blork the orc
  2916 | D:4      | Reached XP level 6. HP: 35/51 MP: 5/5
  3241 | D:4      | Reached skill level 1 in Throwing
  3245 | D:4      | Reached XP level 7. HP: 55/57 MP: 6/6
  3600 | D:5      | Entered Level 5 of the Dungeon
  3678 | D:5      | Found a hazy altar of Hepliaklqana.
  4010 | D:5      | Reached skill level 5 in Throwing
  4215 | D:5      | Reached XP level 8. HP: 45/66 MP: 7/7
  4275 | D:5      | Reached skill level 5 in Fighting
  4643 | D:5      | Found an ancient bone altar of Kikubaaqudgha.
  4984 | D:6      | Found a glowing golden altar of the Shining One.
  4984 | D:6      | Found a stormy altar of Qazlal.
  4985 | D:6      | Found a burning altar of Makhleb.
  5136 | D:6      | Noticed Jeremiah
  5205 | D:6      | Noticed Maggie
  5242 | D:6      | Killed Maggie
  5250 | D:6      | Reached skill level 1 in Evocations
  5250 | D:6      | Reached XP level 9. HP: 23/81 MP: 8/8
  5782 | D:7      | Found a sparkling altar of Nemelex Xobeh.
  5915 | D:7      | Found an opulent altar of Gozag.
  5973 | D:7      | Found a shimmering blue altar of Sif Muna.
  6240 | D:6      | Found a radiant altar of Vehumet.
  6243 | D:6      | Became a worshipper of Makhleb the Destroyer
  6282 | D:6      | Reached skill level 5 in Armour
  6392 | D:6      | Found a runed translucent gate.
  6392 | D:6      | Found a runed translucent gate.
  6392 | D:6      | Found a runed translucent gate.
  6819 | D:6      | Noticed shadowrider38's ghost (amateur MiAE)
  6840 | D:6      | Killed Jeremiah
  7036 | D:6      | You fall into a shaft and drop 3 floors!
  7036 | D:9      | Found a snail-covered altar of Cheibriados.
  7049 | D:9      | Reached XP level 10. HP: 68/91 MP: 9/9
  7052 | D:9      | Reached skill level 10 in Armour
  7234 | D:9      | Reached skill level 1 in Invocations
  7411 | D:9      | Found an ornate altar of the Wu Jian Council.
  7414 | D:9      | Reached * piety under Makhleb
  7424 | D:9      | Identified the serpent talisman "Qyjitre" {rElec rCorr
                  | SInv}
  7501 | D:8      | Reached skill level 5 in Invocations
  7510 | D:8      | Found a staircase to the Lair.
  7713 | D:8      | Noticed Gastronok
  7725 | D:8      | Killed Gastronok
  7726 | D:8      | Reached XP level 11. HP: 63/97 MP: 16/16
  7872 | D:8      | Found Lebogruf's Weapon Boutique.
  8701 | D:8      | Found a sacrificial altar of Ru.
  9266 | D:9      | Reached ** piety under Makhleb
  9507 | D:10     | Entered Level 10 of the Dungeon
  9517 | D:10     | Reached skill level 10 in Invocations
  9749 | D:10     | Noticed a two-headed ogre
  9758 | D:10     | Killed a two-headed ogre
  9759 | D:10     | Reached skill level 5 in Axes
  9972 | D:10     | Noticed a two-headed ogre
 10636 | D:11     | Noticed Erolcha
 10655 | D:11     | Killed Erolcha
 10872 | D:11     | Found Deniymet's Weapon Boutique.
 10873 | D:11     | Noticed a skeletal warrior
 10878 | D:11     | Noticed Grum
 10883 | D:11     | Noticed a skeletal warrior
 10884 | D:11     | Gained mutation: You are agile. (Dex +4, Str/Int -1)
                  | [potion of mutation]
 10885 | D:11     | Slain by Grum

Illustrated notes

Levels and vault maps discovered:
D:1:      dpeg_arrival_line_fractal, layout_basic
D:2:      layout_loops_corners, basic_altar
D:3:      layout_rooms, shapermc_ecumenical_altar_gd, minmay_misc_feat_square
D:4:      old_forge, layout_loops_corners, minmay_temple_entry_stoned_glass,
          uniq_blork_the_orc
D:5:      minmay_inner_zag, layout_loops_ring, kennysheep_little_box,
          nicolae_hepliaklqana_hazy_memory
D:6:      minmay_chambers_of_fours, layout_basic,
          nicolae_overflow_quartered_altars, gammafunk_ghost_icy,
          minmay_gold_behind_fungi, uniq_jeremiah, uniq_maggie
D:7:      layout_rooms, kennysheep_orc_sif_temple, old_standard_altar,
          nicolae_gozag_cash_rules_everything_around_me
D:8:      layout_basic, lemuel_tele_altar, minmay_lair_entry_grove,
          dk_vineyard_3, nicolae_take_the_stairs, palyth_stone_intersect,
          st_stairs_9, nicolae_concentric_dashed_squares_mild, uniq_gastronok
D:9:      layout_stronghold, nicolae_wu_jian_wuxing_cycle,
          mainiacjoe_overflow_24_doors
D:10:     layout_roguey
D:11:     layout_long_grid, orc_david_3, minmay_hedge_maze, uniq_grum,
          uniq_erolcha, uniq_erica
Temple:   cyrus_temple_forest

Skill      XL: |  1  2  3  4  5  6  7  8  9 10 11 |
---------------+----------------------------------+-----
Shields        | 4 5 |  5.0
Dodging        | 2 4 5 7 |  7.0
Throwing       | 2 6 |  6.0
Fighting       | 4 9 |  9.0
Evocations     | 1 4 |  4.0
Armour         | 9 10 | 10.0
Invocations    | 9 10 | 10.0
Axes           | 8 |  8.9

Action                     |  1- 3 |  4- 6 |  7- 9 | 10-12 || total
---------------------------+-------+-------+-------+-------++-------
  Melee: War axe           |    70 |   108 |   202 |   151 ||   531
         Headbutt          |    13 |    19 |    34 |    36 ||   102
  Throw: Boomerang         |       |       |     2 |     1 ||     3
  Evoke: Wand              |       |       |     1 |       ||     1
    Use: Scroll            |     4 |     2 |     4 |     7 ||    17
         Potion            |       |       |     5 |     6 ||    11
   Stab: Distracted        |       |       |     1 |     1 ||     2
         Invisible         |       |       |       |     6 ||     6
 Armour: Scale mail        |    45 |    64 |   173 |   115 ||   397
  Dodge: Dodged            |    34 |    53 |   135 |    83 ||   305
  Block: Buckler           |    11 |    35 |    43 |    46 ||   135
